| TOP OF THE 1ST |
|
Bridgetown Tridents batting - Pitching for Castries Palmeras : RHP Eric Prevost
|
|
Pitching: RHP Eric Prevost
|
|
|
Batting: SHB Harold Reynolds
|
0-0: DOUBLE (Line Drive, 78D, EV 110.6 MPH)
|
|
Batting: RHB Cal Ripken
|
0-0: Ball 1-0: Ball 2-0: Foul Ball, location: 2F 2-1: Fly out, F4 (Popup, 13S, EV 87.5 MPH)
|
|
Batting: RHB Andres Galarraga
|
0-0: Called Strike 0-1: Ball 1-1: Foul Ball, location: 2F 1-2: Foul Ball, location: 2F 1-2: Ball 2-2: Ball 3-2: Fly out, F6 (Popup, 56, EV 79.4 MPH)
|
|
Batting: RHB Dave Meier
|
0-0: Ball 1-0: Called Strike 1-1: Ground out 4-3 (Groundball, 4, EV 81.3 MPH)
|
| Top of the 1st over - 0 runs, 1 hit, 0 errors, 1 left on base; Bridgetown 0 - Castries 0 |
| BOTTOM OF THE 1ST |
|
Castries Palmeras batting - Pitching for Bridgetown Tridents : RHP Jeff Russell
|
|
Pitching: RHP Jeff Russell
|
|
|
Batting: SHB Ignacio Medina
|
0-0: Ball 1-0: SINGLE (Groundball, 34D, EV 108.1 MPH)
|
|
Batting: RHB Tony Walker
|
0-0: Ball 1-0: Called Strike 1-1: Ball 2-1: Foul Ball, location: 2F 2-2: Grounds into double play, 5-4-3 (Groundball, 56, EV 98.8 MPH)
|
|
Batting: RHB Kevin McReynolds
|
0-0: Ball 1-0: Foul Ball, location: 2F 1-1: Foul Ball, location: 2F 1-2: SINGLE (Line Drive, 4D, EV 95.0 MPH)
|
|
Batting: LHB Dan Logan
|
0-0: Ball 1-0: Foul Ball, location: 2F 1-1: Called Strike 1-2: Ball 2-2: Ball 3-2: Foul Ball, location: 2F 3-2: Foul Ball, location: 2F 3-2: Base on Balls Kevin McReynolds to second
|
|
Batting: RHB Rob Teegarden
|
0-0: SINGLE (Line Drive, 7LS, EV 96.9 MPH) Kevin McReynolds to third Dan Logan to second Runner from 3rd tries for Home, SAFE, throw by LF to home
|
|
Batting: LHB Creighton Tevlin
|
0-0: Called Strike 0-1: Called Strike 0-2: Strikes out swinging
|
| Bottom of the 1st over - 1 run, 3 hits, 0 errors, 2 left on base; Bridgetown 0 - Castries 1 |
| TOP OF THE 2ND |
|
Bridgetown Tridents batting - Pitching for Castries Palmeras : RHP Eric Prevost
|
|
Batting: LHB Darryl Strawberry
|
0-0: Foul Ball, location: 2F 0-1: Ball 1-1: Ball 2-1: Ground out 6-3 (Groundball, 6S, EV 62.5 MPH)
|
|
Batting: RHB Fritzie Connally
|
0-0: Fly out, F8 (Flyball, 8LD, EV 98.1 MPH)
|
|
Batting: LHB Paul O'Neill
|
0-0: Ball 1-0: SINGLE (Line Drive, 5D, EV 99.4 MPH)
|
|
Batting: RHB Jose Canseco
|
0-0: Called Strike Paul O'Neill is caught stealing 2nd base 2-4
|
| Top of the 2nd over - 0 runs, 1 hit, 0 errors, 0 left on base; Bridgetown 0 - Castries 1 |
| BOTTOM OF THE 2ND |
|
Castries Palmeras batting - Pitching for Bridgetown Tridents : RHP Jeff Russell
|
|
Batting: LHB Joe DeSa
|
0-0: Called Strike 0-1: Swinging Strike 0-2: Strikes out swinging
|
|
Batting: RHB Stewart Bringhurst
|
0-0: Ground out 6-3 (Groundball, 6, EV 106.3 MPH)
|
|
Batting: SHB Danny Torres
|
0-0: Ball 1-0: Ball 2-0: Ball 3-0: Base on Balls
|
|
Batting: SHB Ignacio Medina
|
0-0: Ball 1-0: Ball 2-0: Fly out, F8 (Flyball, 8LXD, EV 91.9 MPH)
|
| Bottom of the 2nd over - 0 runs, 0 hits, 0 errors, 1 left on base; Bridgetown 0 - Castries 1 |
| TOP OF THE 3RD |
|
Bridgetown Tridents batting - Pitching for Castries Palmeras : RHP Eric Prevost
|
|
Batting: RHB Jose Canseco
|
0-0: Foul Ball, location: 2F 0-1: Foul Ball, location: 2F 0-2: SINGLE (Groundball, 6MD, EV 94.4 MPH)
|
|
Batting: LHB Ray Cosey
|
0-0: Fly out, F5 (Popup, 5F, EV 59.4 MPH)
|
|
Batting: SHB Harold Reynolds
|
0-0: Called Strike Jose Canseco steals 2nd base 0-1: Ball 1-1: Ball 2-1: Ball 3-1: SINGLE (Groundball, 6M, EV 95.6 MPH) Jose Canseco to third Runner from 3rd tries for Home, throw by CF and OUT! 8-2 Harold Reynolds to second
|
|
Batting: RHB Cal Ripken
|
0-0: Ground out 2-3 (Groundball, 2R, EV 63.8 MPH)
|
| Top of the 3rd over - 0 runs, 2 hits, 0 errors, 1 left on base; Bridgetown 0 - Castries 1 |
| BOTTOM OF THE 3RD |
|
Castries Palmeras batting - Pitching for Bridgetown Tridents : RHP Jeff Russell
|
|
Batting: RHB Tony Walker
|
0-0: Called Strike 0-1: SINGLE (Groundball, 6MD, EV 94.4 MPH)
|
|
Batting: RHB Kevin McReynolds
|
0-0: Ball 1-0: Fly out, F8 (Flyball, 8RXD, EV 99.4 MPH)
|
|
Batting: LHB Dan Logan
|
0-0: Ball Tony Walker steals 2nd base 1-0: Foul Ball, location: 2F 1-1: Ground out 5-3 (Groundball, 5L, EV 83.8 MPH)
|
|
Batting: RHB Rob Teegarden
|
0-0: Ball Tony Walker is caught stealing 3rd base 2-5
|
| Bottom of the 3rd over - 0 runs, 1 hit, 0 errors, 0 left on base; Bridgetown 0 - Castries 1 |
| TOP OF THE 4TH |
|
Bridgetown Tridents batting - Pitching for Castries Palmeras : RHP Eric Prevost
|
|
Batting: RHB Andres Galarraga
|
0-0: Called Strike 0-1: Swinging Strike 0-2: Ball 1-2: Foul Ball, location: 2F 1-2: SINGLE (Flyball, 8RS, EV 83.1 MPH)
|
|
Batting: RHB Dave Meier
|
0-0: Fielders Choice at 2nd, 5-4 (Groundball, 56, EV 81.3 MPH)
|
|
Batting: LHB Darryl Strawberry
|
0-0: Ball 1-0: Foul Ball, location: 2F 1-1: Ball 2-1: Called Strike 2-2: Strikes out looking
|
|
Batting: RHB Fritzie Connally
|
0-0: Fly out, F7 (Flyball, 78M, EV 88.1 MPH)
|
| Top of the 4th over - 0 runs, 1 hit, 0 errors, 1 left on base; Bridgetown 0 - Castries 1 |
| BOTTOM OF THE 4TH |
|
Castries Palmeras batting - Pitching for Bridgetown Tridents : RHP Jeff Russell
|
|
Batting: RHB Rob Teegarden
|
0-0: Called Strike 0-1: Ball 1-1: Ball 2-1: Foul Ball, location: 2F 2-2: Ball 3-2: Base on Balls
|
|
Batting: LHB Creighton Tevlin
|
0-0: Foul Ball, location: 2F 0-1: SINGLE (Line Drive, 4M, EV 97.5 MPH) Rob Teegarden to second Rob Teegarden to third
|
|
Batting: LHB Joe DeSa
|
0-0: Ball 1-0: Ball 2-0: Foul Ball, location: 2F 2-1: Called Strike 2-2: Ball 3-2: Fly out, F9 (Flyball, 89S, EV 91.3 MPH)
|
|
Batting: RHB Stewart Bringhurst
|
0-0: Ball 1-0: Grounds into double play, 5-4-3 (Groundball, 5, EV 85.0 MPH)
|
| Bottom of the 4th over - 0 runs, 1 hit, 0 errors, 1 left on base; Bridgetown 0 - Castries 1 |
| TOP OF THE 5TH |
|
Bridgetown Tridents batting - Pitching for Castries Palmeras : RHP Eric Prevost
|
|
Batting: LHB Paul O'Neill
|
0-0: Swinging Strike 0-1: Fly out, F9 (Flyball, 9D, EV 106.3 MPH)
|
|
Batting: RHB Jose Canseco
|
0-0: Ball 1-0: Ball 2-0: Ball 3-0: Fly out, F8 (Flyball, 8LXD, EV 75.6 MPH)
|
|
Batting: LHB Ray Cosey
|
0-0: Swinging Strike 0-1: Ground out 6-3 (Groundball, 6, EV 94.4 MPH)
|
| Top of the 5th over - 0 runs, 0 hits, 0 errors, 0 left on base; Bridgetown 0 - Castries 1 |
| BOTTOM OF THE 5TH |
|
Castries Palmeras batting - Pitching for Bridgetown Tridents : RHP Jeff Russell
|
|
Batting: SHB Danny Torres
|
0-0: Foul Ball, location: 2F 0-1: Ball 1-1: Ball 2-1: Ground out 4-3 (Groundball, 4M, EV 105.6 MPH)
|
|
Batting: SHB Ignacio Medina
|
0-0: Foul Ball, location: 2F 0-1: Ball 1-1: SINGLE (Groundball, 3S, EV 77.5 MPH) (infield hit)
|
|
Batting: RHB Tony Walker
|
Pickoff Throw to First - Error! E1 Ignacio Medina to second 0-0: Called Strike 0-1: SINGLE (Line Drive, 5D, EV 96.9 MPH) Ignacio Medina to third Runner from 3rd tries for Home, SAFE, throw by LF to home
|
|
Batting: RHB Kevin McReynolds
|
0-0: Ball 1-0: Called Strike Tony Walker steals 2nd base 1-1: SINGLE (Line Drive, 9S, EV 105.6 MPH) Tony Walker to third Runner from 3rd tries for Home, SAFE, throw by RF to home
|
|
Batting: LHB Dan Logan
|
0-0: Called Strike 0-1: Called Strike 0-2: Ball 1-2: Foul Ball, location: 2F 1-2: Fly out, F4 (Flyball, 34D, EV 89.4 MPH)
|
|
Batting: RHB Rob Teegarden
|
0-0: Ball 1-0: Called Strike 1-1: Ball 2-1: Foul Ball, location: 2F 2-2: Foul Ball, location: 2F 2-2: Strikes out swinging
|
| Bottom of the 5th over - 2 runs, 3 hits, 1 error, 1 left on base; Bridgetown 0 - Castries 3 |
| TOP OF THE 6TH |
|
Bridgetown Tridents batting - Pitching for Castries Palmeras : RHP Eric Prevost
|
|
Batting: SHB Harold Reynolds
|
0-0: Called Strike 0-1: Ball 1-1: Ball 2-1: Ball 3-1: Reached on error, E4 (Groundball, 4M, EV 103.8 MPH)
|
|
Batting: RHB Cal Ripken
|
0-0: Called Strike Balk! Harold Reynolds to third 0-1: Ground out 4-3 (Groundball, 4, EV 110.0 MPH) Harold Reynolds scores
|
|
Batting: RHB Andres Galarraga
|
0-0: Called Strike 0-1: Swinging Strike 0-2: Strikes out looking
|
|
Batting: RHB Dave Meier
|
0-0: Ball 1-0: Ball 2-0: Ball 3-0: Called Strike 3-1: Base on Balls
|
|
Batting: LHB Darryl Strawberry
|
0-0: Fly out, F8 (Line Drive, 8RM, EV 96.9 MPH)
|
| Top of the 6th over - 1 run, 0 hits, 1 error, 1 left on base; Bridgetown 1 - Castries 3 |
| BOTTOM OF THE 6TH |
|
Castries Palmeras batting - Pitching for Bridgetown Tridents : RHP Jeff Russell
|
|
Batting: LHB Creighton Tevlin
|
0-0: Foul Ball, location: 2F 0-1: Swinging Strike 0-2: Ball 1-2: Foul Ball, location: 2F 1-2: Foul Ball, location: 2F 1-2: Foul Ball, location: 2F 1-2: Ball 2-2: Foul Ball, location: 2F 2-2: Strikes out swinging
|
|
Batting: LHB Joe DeSa
|
0-0: Fly out, F8 (Flyball, 89XD, EV 92.5 MPH)
|
|
Batting: RHB Stewart Bringhurst
|
0-0: Ball 1-0: Ball 2-0: Ground out 6-3 (Groundball, 56D, EV 93.8 MPH)
|
| Bottom of the 6th over - 0 runs, 0 hits, 0 errors, 0 left on base; Bridgetown 1 - Castries 3 |
| TOP OF THE 7TH |
|
Bridgetown Tridents batting - Pitching for Castries Palmeras : RHP Eric Prevost
|
|
Batting: RHB Fritzie Connally
|
0-0: Ball 1-0: Ground out 6-3 (Groundball, 6, EV 87.5 MPH)
|
|
Batting: LHB Paul O'Neill
|
0-0: Foul Ball, location: 2F 0-1: Ball 1-1: Fly out, F7 (Flyball, 78S, EV 91.3 MPH)
|
|
Batting: RHB Jose Canseco
|
0-0: Called Strike 0-1: Swinging Strike 0-2: Ball 1-2: Foul Ball, location: 2F 1-2: Ball 2-2: Foul Ball, location: 2F 2-2: Ball 3-2: Strikes out swinging
|
| Top of the 7th over - 0 runs, 0 hits, 0 errors, 0 left on base; Bridgetown 1 - Castries 3 |
| BOTTOM OF THE 7TH |
|
Castries Palmeras batting - Pitching for Bridgetown Tridents : RHP Jeff Russell
|
|
Batting: SHB Danny Torres
|
0-0: Ball 1-0: Swinging Strike 1-1: Ball 2-1: SINGLE (Groundball, 34, EV 82.5 MPH) (infield hit)
|
|
Batting: SHB Ignacio Medina
|
0-0: Ball 1-0: Bunted foul 1-1: Sac Bunt to 3S - play at first, batter OUT! 3-4 Danny Torres to second
|
|
Batting: RHB Tony Walker
|
0-0: Swinging Strike 0-1: TRIPLE (Line Drive, 8LXD, EV 104.4 MPH) Danny Torres scores
|
|
Batting: RHB Kevin McReynolds
|
0-0: Ball 1-0: Ball 2-0: Called Strike 2-1: SINGLE (Popup, 5D, EV 64.4 MPH) Tony Walker scores
|
|
Pitching: LHP Chart Hollenbach
|
|
|
Batting: LHB Dan Logan
|
0-0: Called Strike 0-1: Called Strike 0-2: Strikes out swinging
|
|
Batting: RHB Rob Teegarden
|
0-0: Called Strike 0-1: Ground out 4-3 (Groundball, 4, EV 101.9 MPH)
|
| Bottom of the 7th over - 2 runs, 3 hits, 0 errors, 1 left on base; Bridgetown 1 - Castries 5 |
| TOP OF THE 8TH |
|
Bridgetown Tridents batting - Pitching for Castries Palmeras : RHP Eric Prevost
|
|
Batting: LHB Ray Cosey
|
0-0: Ball 1-0: Ball 2-0: Ball 3-0: Called Strike 3-1: Fly out, F6 (Flyball, 56D, EV 87.5 MPH)
|
|
Batting: SHB Harold Reynolds
|
0-0: Ball 1-0: Ball 2-0: Foul Ball, location: 2F 2-1: Ball 3-1: Fly out, F6 (Flyball, 6D, EV 65.0 MPH)
|
|
Batting: RHB Cal Ripken
|
0-0: Called Strike 0-1: Ground out 4-3 (Groundball, 4, EV 84.4 MPH)
|
| Top of the 8th over - 0 runs, 0 hits, 0 errors, 0 left on base; Bridgetown 1 - Castries 5 |
| BOTTOM OF THE 8TH |
|
Castries Palmeras batting - Pitching for Bridgetown Tridents : LHP Chart Hollenbach
|
|
Batting: LHB Creighton Tevlin
|
0-0: Ball 1-0: Foul Ball, location: 2F 1-1: Ball 2-1: Called Strike 2-2: Ball 3-2: Base on Balls
|
|
Batting: LHB Joe DeSa
|
0-0: Ball 1-0: Grounds into double play, 4-6-3 (Groundball, 4D, EV 102.5 MPH)
|
|
Batting: RHB Stewart Bringhurst
|
0-0: Ball 1-0: Ball 2-0: Foul Ball, location: 2F 2-1: Called Strike 2-2: Ball 3-2: Base on Balls
|
|
Batting: SHB Danny Torres
|
0-0: Ball 1-0: Foul Ball, location: 2F 1-1: Ball 2-1: DOUBLE (Line Drive, 7LM, EV 103.1 MPH) Stewart Bringhurst to third Runner from 3rd tries for Home, SAFE, throw by LF to home
|
|
Pitching: LHP Mike Madden
|
|
|
Batting: SHB Ignacio Medina
|
0-0: Foul Ball, location: 2F 0-1: Ball 1-1: Called Strike 1-2: Strikes out swinging
|
| Bottom of the 8th over - 1 run, 1 hit, 0 errors, 1 left on base; Bridgetown 1 - Castries 6 |
| TOP OF THE 9TH |
|
Bridgetown Tridents batting - Pitching for Castries Palmeras : RHP Eric Prevost
|
|
Batting: RHB Andres Galarraga
|
0-0: Foul Ball, location: 2F 0-1: Foul Ball, location: 2F 0-2: Foul Ball, location: 2F 0-2: Ground out U3 (Groundball, 34, EV 88.8 MPH)
|
|
Batting: RHB Dave Meier
|
0-0: Called Strike 0-1: SINGLE (Line Drive, 56D, EV 97.5 MPH)
|
|
Batting: LHB Darryl Strawberry
|
0-0: Ball 1-0: Ball 2-0: Ball 3-0: Called Strike 3-1: Swinging Strike 3-2: Strikes out looking
|
|
Batting: RHB Fritzie Connally
|
0-0: Foul Ball, location: 2F 0-1: Swinging Strike 0-2: Fielders Choice at 2nd, 6-4 (Groundball, 6, EV 103.8 MPH)
|
| Top of the 9th over - 0 runs, 1 hit, 0 errors, 1 left on base; Bridgetown 1 - Castries 6 |
|